 Dungeon Crawl Stone Soup version 0.25-a0-578-gc91f01c (webtiles) character file.

Game seed: 6295265252644793038, levelgen mode: deterministic

12071 Faca the Grappler (level 11, -3/117 HPs)
             Began as a Troll Fighter on Mar 6, 2020.
             Was a High Priest of Okawaru.
             Slain by an orc warrior
             ... wielding a +0 glaive
              (24 damage)
             ... on level 12 of the Dungeon.
             The game lasted 00:30:32 (9920 turns).

Faca the Grappler (Troll Fighter)                   Turns: 9920, Time: 00:30:33

Health: -3/117     AC:  5    Str: 29    XL:     11   Next: 57%
Magic:  10/10      EV:  8    Int:  4    God:    Okawaru [*****.]
Gold:   610        SH: 10    Dex:  9    Spells: 10/10 levels left

rFire    . . .     SeeInvis .     - Unarmed
rCold    . . .     Gourm    +   b - +1 kite shield
rNeg     . . .     Faith    .   G - +0 troll leather armour
rPois    +         Spirit   .   C - +0 hat
rElec    .         Reflect  .   i - +0 cloak
rCorr    .         Harm     .   (gloves unavailable)
MR       .....                  (boots unavailable)
Stlth    +.........             (no amulet)
HPRegen  1.09/turn              l - ring of poison resistance
MPRegen  0.12/turn              (no ring)

@: corroded
A: large, unfitting armour, claws 3, fast metabolism 3, gourmand, regeneration
1, shaggy fur 1, tough skin 3
a: Heroism, Finesse, Renounce Religion


You were on level 12 of the Dungeon.
You worshipped Okawaru.
Okawaru was extremely pleased with you.
You were very full.

You visited 2 branches of the dungeon, and saw 13 of its levels.
You also visited: Sewer.

You collected 610 gold pieces.

Inventory:

Hand Weapons
 h - a +1 whip of electrocution
Missiles
 g - 288 stones (quivered)
 m - 10 boomerangs
 F - 3 javelins
Armour
 b - a +1 kite shield (worn)
 i - a +0 cloak (worn)
 v - a scarf of cloud immunity
 C - a +0 hat (worn)
 G - a +0 troll leather armour (worn)
Jewellery
 l - a ring of poison resistance (left claw)
 I - an uncursed ring of fire
Wands
 a - a wand of random effects (13)
 e - a wand of polymorph (12)
 y - a wand of clouds (6)
 E - a wand of iceblast (8)
Scrolls
 o - 2 scrolls of fear
 p - a scroll of blinking
 t - a scroll of fog
 u - 4 scrolls of remove curse
 w - 3 scrolls of enchant weapon
 x - 4 scrolls of teleportation
 B - a scroll of immolation
Potions
 c - 2 potions of might
 f - a potion of flight
 j - 2 potions of lignification
 k - a potion of stabbing
 n - 2 potions of resistance
 q - 3 potions of brilliance
 r - 4 potions of heal wounds
 s - 4 potions of curing
 z - a potion of cancellation {unknown}
 A - a potion of berserk rage {unknown}
 D - 2 potions of haste {unknown}
Comestibles
 d - 25 rations


   Skills:
 + Level 9.8 Fighting
 + Level 9.0 Throwing
 - Level 2.4 Dodging
 - Level 2.4 Shields
 + Level 11.3 Unarmed Combat


You had 10 spell levels left.
You didn't know any spells.
Your spell library contained the following spells:

 Spells                   Type           Power        Failure   Level  Hunger
 Apportation              Tloc           #.....       95%         1    ##.....
 Beastly Appendage        Tmut           #.....       95%         1    ##.....
 Freeze                   Ice            #...         95%         1    ##.....
 Magic Dart               Conj           #...         95%         1    ##.....
 Sandblast                Erth           #.....       95%         1    ##.....
 Shock                    Conj/Air       #...         95%         1    ##.....
 Summon Butterflies       Summ           #.......     95%         1    ##.....
 Blink                    Tloc           N/A          99%         2    ###....
 Call Imp                 Summ           #.......     99%         2    ###....
 Passwall                 Tmut/Erth      #.......     99%         2    ###....
 Slow                     Hex            #.......     99%         2    ###....
 Sticks to Snakes         Tmut           #.......     99%         2    ###....
 Swiftness                Chrm/Air       #.......     99%         2    ###....
 Conjure Flame            Conj/Fire      #.......     100%        3    ####...
 Frozen Ramparts          Ice            #.....       100%        3    ####...
 Lesser Beckoning         Tloc           #.........   100%        3    ####...
 Mephitic Cloud           Conj/Pois/Air  #.......     100%        3    ####...
 Ozocubu's Armour         Chrm/Ice       #.......     100%        3    ####...
 Spider Form              Tmut/Pois      #.........   100%        3    ####...
 Static Discharge         Conj/Air       #.......     100%        3    ####...
 Stone Arrow              Conj/Erth      #.....       100%        3    ####...
 Tukima's Dance           Hex            #.......     100%        3    ####...
 Airstrike                Air            #.........   100%        4    #####..
 Hailstorm                Conj/Ice       #.......     100%        4    #####..
 Ice Form                 Ice/Tmut       #.......     100%        4    #####..
 Petrify                  Tmut/Erth      #.......     100%        4    #####..
 Summon Ice Beast         Ice/Summ       #.......     100%        4    #####..
 Alistair's Intoxication  Tmut/Pois      #.......     100%        5    ######.
 Blade Hands              Tmut           #.........   100%        5    ######.
 Lee's Rapid Deconstruct  Erth           #.........   100%        5    ######.
 Lightning Bolt           Conj/Air       #.........   100%        5    ######.
 Invisibility             Hex            #.......     100%        6    #######


Dungeon Overview and Level Annotations

Branches:
Dungeon (12/15)            Temple (1/1) D:4            Lair (0/6) D:10
  Sewer (visited)
    Orc: D:9-12

Altars:
Ashenzari
Cheibriados
Dithmenos
Fedhas
Gozag
Hepliaklqana
Kikubaaqudgha
Makhleb
Nemelex Xobeh
Okawaru
Qazlal
Ru
Trog
Uskayaw
Vehumet
Wu Jian
Xom
Yredelemnul
Zin
The Shining One

Shops:
D:4 :   D:11 }}}(


Innate Abilities, Weirdness & Mutations

You are too large for most types of armour.
You have claws for hands.
Your metabolism is lightning-fast.
You like to eat raw meat.
Your natural rate of healing is unusually fast.
You are covered in fur. (AC +1)
You have extremely tough skin. (AC +3)


Message History

The acid dragon is heavily wounded.
The orc warrior hits you from afar with a +0 glaive!
* * * LOW HITPOINT WARNING * * *
You block the acid dragon's attack. x2
You feel much better.
The acid dragon bites you but does no damage.
You block the acid dragon's attack.
The orc priest looks encouraged for a moment.
The orc warrior hits you from afar with a +0 glaive!
You claw the acid dragon!
The acid dragon is almost dead.
The acid dragon spits acid at you. The splash of acid hits you.
* * * LOW HITPOINT WARNING * * *
You are splashed with acid!
* * * LOW HITPOINT WARNING * * *
You closely miss the acid dragon.
The acid dragon is almost dead.
The orc warrior hits you from afar with a +0 glaive!!
You die...

##### .....o####
######### .....oD@.#
#.......#
.?..To##>###.......#
.o... #..##.......##
.... ##.##........##
... #..#.........#
<. ##.'.........# .
###.........#
###'####### #.#


You could see a troll, an orc warrior, an acid dragon, an orc priest, an orc
wizard and an orc.

Vanquished Creatures
  A two-headed ogre (D:9)
  2 unseen horrors
  A cyclops (D:10)
  Joseph (D:7)
  2 trolls
  2 hippogriffs
  3 yaks (D:9)
  A spriggan (D:7)
  2 wyverns
  2 hungry ghosts (D:10)
  A water moccasin (D:9)
  3 orc warriors
  3 phantoms
  6 ice beasts
  An eye of draining (D:9)
  2 sky beasts
  3 black bears
  5 ogres
  10 centaurs
  A crocodile (Sewer)
  A big kobold (D:11)
  8 bullfrogs
  A wyvern zombie (D:11)
  A gnoll sergeant (D:9)
  A water moccasin zombie (D:9)
  6 scorpions
  14 killer bees
  4 wights (D:10)
  2 electric eels (D:11)
  8 howler monkeys
  9 crimson imps
  3 jellies
  A quasit (D:9)
  A bullfrog zombie (D:10)
  2 centaur zombies
  2 hounds
  A gnoll shaman (D:9)
  2 bullfrog skeletons
  2 centaur skeletons
  3 iguanas
  6 orc priests
  13 orc wizards
  11 worker ants
  A killer bee zombie (D:6)
  2 hound skeletons (D:9)
  Robin (D:3)
  13 adders
  13 gnolls
  3 oozes
  An adder skeleton (D:5)
  An adder zombie (D:6)
  6 worms
  4 dart slugs
  10 leopard geckos
  46 orcs
  4 ball pythons
  4 giant cockroaches
  12 hobgoblins
  15 jackals
  2 quokkas
  A ball python skeleton (D:5)
  6 bats
  8 frilled lizards
  17 goblins
  14 kobolds
  2 leopard gecko skeletons (D:5)
  2 quokka skeletons (D:4)
  8 rats
  A plant (D:10)
351 creatures vanquished.

Vanquished Creatures (others)
  A river rat (D:11)
  An orc (D:4)
2 creatures vanquished.

Grand Total: 353 creatures vanquished

Notes
Turn   | Place    | Note
-------+----------+-------------------------------------------
     0 | D:1      | Faca the Troll Fighter began the quest for the Orb.
     0 | D:1      | Reached XP level 1. HP: 22/22 MP: 0/0
   159 | D:1      | Reached XP level 2. HP: 29/29 MP: 1/1
   375 | D:1      | Reached XP level 3. HP: 32/37 MP: 2/2
   786 | D:2      | Reached skill level 3 in Unarmed Combat
   844 | D:2      | You fall into a shaft and drop 2 floors!
   857 | D:4      | Found a staircase to the Ecumenical Temple.
   871 | Temple   | Entered the Ecumenical Temple
   909 | Temple   | Became a worshipper of Warmaster Okawaru
   927 | D:4      | Reached XP level 4. HP: 41/45 MP: 3/3
  1027 | D:4      | Noticed an ogre
  1036 | D:4      | Killed an ogre
  1036 | D:4      | Reached skill level 4 in Unarmed Combat
  1036 | D:4      | Reached XP level 5. HP: 53/54 MP: 4/4
  1228 | D:4      | Reached XP level 6. HP: 51/63 MP: 5/5
  1311 | D:4      | Reached skill level 5 in Unarmed Combat
  1317 | D:4      | Found Yruaci Yfum's Book Boutique.
  1379 | D:3      | Reached * piety under Okawaru
  1580 | D:3      | Noticed Robin
  1609 | D:3      | Killed Robin
  1665 | D:3      | Reached skill level 5 in Fighting
  1665 | D:3      | Reached XP level 7. HP: 72/72 MP: 6/6
  1680 | D:3      | Found a glowing drain.
  1685 | Sewer    | Entered a sewer
  2221 | D:2      | Found a shimmering altar of Xom.
  2632 | D:3      | Found a shattered altar of Ashenzari.
  2672 | D:3      | Reached skill level 6 in Unarmed Combat
  2854 | D:3      | Found a sparkling altar of Nemelex Xobeh.
  3068 | D:4      | Reached skill level 1 in Throwing
  3499 | D:5      | Entered Level 5 of the Dungeon
  3511 | D:5      | Reached ** piety under Okawaru
  3511 | D:5      | Reached XP level 8. HP: 68/83 MP: 7/7
  3737 | D:5      | Reached skill level 7 in Unarmed Combat
  3786 | D:5      | Found a sacrificial altar of Ru.
  4463 | D:6      | Reached *** piety under Okawaru
  4644 | D:6      | Reached XP level 9. HP: 72/92 MP: 8/8
  4857 | D:6      | Reached skill level 8 in Unarmed Combat
  5143 | D:6      | Reached skill level 5 in Throwing
  5194 | D:6      | Reached **** piety under Okawaru
  5446 | D:7      | Noticed Joseph
  5464 | D:7      | Killed Joseph
  5716 | D:7      | Found a sacrificial altar of Ru.
  5721 | D:7      | Found a radiant altar of Vehumet.
  5722 | D:7      | Found an opulent altar of Gozag.
  5722 | D:7      | Found a glowing silver altar of Zin.
  5722 | D:7      | Found an ornate altar of the Wu Jian Council.
  5722 | D:7      | Found a hazy altar of Hepliaklqana.
  5722 | D:7      | Found a snail-covered altar of Cheibriados.
  5723 | D:7      | Found a bloodstained altar of Trog.
  6395 | D:8      | Reached skill level 9 in Unarmed Combat
  6554 | D:8      | Reached XP level 10. HP: 104/104 MP: 9/9
  6751 | D:8      | Reached ***** piety under Okawaru
  6989 | D:8      | Found a glowing golden altar of the Shining One.
  7030 | D:9      | Received a gift from Okawaru
  7350 | D:9      | Noticed a two-headed ogre
  7359 | D:9      | Killed a two-headed ogre
  7359 | D:9      | Received a gift from Okawaru
  7359 | D:9      | Reached skill level 10 in Unarmed Combat
  7480 | D:9      | Found an ancient bone altar of Kikubaaqudgha.
  7888 | D:10     | Entered Level 10 of the Dungeon
  8034 | D:10     | Killed an unseen horror
  8034 | D:10     | Reached XP level 11. HP: 22/115 MP: 10/10
  8313 | D:10     | Received a gift from Okawaru
  8496 | D:10     | Received a gift from Okawaru
  8604 | D:10     | Found a staircase to the Lair.
  8813 | D:11     | Reached skill level 11 in Unarmed Combat
  8820 | D:11     | Found a stormy altar of Qazlal.
  8858 | D:11     | Found Tisev's Weapon Emporium.
  9051 | D:11     | Found Gemu's Gadget Shop.
  9053 | D:11     | Found Uvviq's Gadget Shop.
  9249 | D:11     | Found Wana's Gadget Emporium.
  9455 | D:11     | Killed an unseen horror
  9920 | D:12     | Slain by an orc warrior

Levels and vault maps discovered:
D:1:      minmay_arrival_stair_chambers, layout_loops_cross, minmay_tromino_i4
D:2:      layout_basic, nicolae_overflow_crystal_walls, nrook_campfire
D:3:      layout_loops_cross, lemuel_doored_altar, portal_sewer_entry_e,
          ashenzari_altar_1, uniq_robin
D:4:      layout_cave_pools, lemuel_temple_firewalk_b, serial_shops,
          nicolae_shop_trees
D:5:      layout_basic, first_ration, lemuel_altar_in_water
D:6:      kennysheep_six_static_rooms, layout_loops_ring,
          uniq_crazy_yiuf_cottage
D:7:      layout_basic, minitemple, minmay_splitting_lines, the_bakery,
          serial_bayou_crossing, uniq_joseph
D:8:      layout_rooms, tso_oasis_becter
D:9:      layout_basic, kennysheep_mini_moat
D:10:     layout_basic, grunt_lair_entry_orc_guard_hut,
          hangedman_corner_corridor
D:11:     layout_basic, serial_shops, shop, nicolae_shop_crystal, shop,
          nicolae_shop_stone, nicolae_qazlal_general_emergency
D:12:     layout_roguey, erik_orc_2, nicolae_trove_entry_path_of_doom,
          elyvilon_altar_3
Temple:   dpeg_three_leaves_temple

Skill      XL: |  1  2  3  4  5  6  7  8  9 10 11 |
---------------+----------------------------------+-----
Fighting       | 3 4 5 6 7 9 |  9.8
Unarmed Combat | 3 4 5 6 7 9 10 11 | 11.3
Throwing       | 2 4 6 7 9 |  9.0
Dodging        | |  2.4
Shields        | |  2.4

Action                   |  1- 3 |  4- 6 |  7- 9 | 10-12 || total
-------------------------+-------+-------+-------+-------++-------
Melee: Unarmed           |    91 |   159 |   447 |   447 ||  1144
Throw: Stone             |       |       |     1 |       ||     1
Evoke: Wand              |       |       |       |     2 ||     2
  Use: Scroll            |     4 |       |    14 |     5 ||    23
       Potion            |       |       |       |     4 ||     4
 Stab: Sleeping          |       |       |       |     1 ||     1
  Eat: Chunk             |    13 |     8 |    46 |    38 ||   105
Armor: Robe              |    27 |    37 |   138 |    98 ||   300
       Troll leather arm |       |       |       |    24 ||    24
Dodge: Dodged            |    23 |    45 |   126 |   100 ||   294
Block: Kite shield       |    41 |    80 |   205 |   177 ||   503

Table legend:
 A = Non-vault XP
 B = Vault XP
 C = Vault XP percentage of total XP
 D = Non-vault monster count
 E = Vault monster count
 F = Vault count percentage of total count
                 A         B        C        D         E       F
            +---------+---------+-------+---------+---------+-------
      Total |   14761 |    2484 |  14.4 |     314 |      37 |  10.5
            +---------+---------+-------+---------+---------+-------
        D:1 |      44 |       3 |   6.4 |      20 |       2 |   9.1
        D:2 |      85 |       0 |   0.0 |      30 |       0 |   0.0
        D:3 |     305 |      34 |  10.0 |      40 |      12 |  23.1
        D:4 |     743 |       0 |   0.0 |      26 |       0 |   0.0
        D:5 |     858 |       0 |   0.0 |      33 |       0 |   0.0
        D:6 |    1305 |     199 |  13.2 |      30 |       4 |  11.8
        D:7 |     709 |     645 |  47.6 |      13 |       2 |  13.3
        D:8 |     981 |       0 |   0.0 |      16 |       0 |   0.0
        D:9 |    3378 |       0 |   0.0 |      41 |       0 |   0.0
       D:10 |    3624 |    1487 |  29.1 |      29 |      11 |  27.5
       D:11 |    2668 |       0 |   0.0 |      32 |       0 |   0.0
       D:12 |      43 |       0 |   0.0 |       1 |       0 |   0.0
     Temple |      18 |       0 |   0.0 |       3 |       0 |   0.0
      Sewer |       0 |     116 | 100.0 |       0 |       6 | 100.0
            +---------+---------+-------+---------+---------+-------
